 Dungeon Crawl Stone Soup version 0.31-a0-161-gb58dd9be76 (webtiles) character file.

Game seed: 7788531991186157948

116 qw the Shooter (level 5, -1/49 HPs)
             Began as a Naga Hunter on June 12, 2023.
             Succumbed to an orc's poison
             ... on level 4 of the Dungeon.
             The game lasted 00:00:42 (1935 turns).

qw the Shooter (Naga Hunter)                        Turns: 1935, Time: 00:00:42

Health: -1/49      AC:  5    Str: 14    XL:     5   Next: 0%
Magic:  0/5        EV:  9    Int:  9    God:
Gold:   198        SH:  0    Dex: 16    Spells: 4/4 levels left

rFire   . . .        Y - +0 shortbow
rCold   . . .        (shield currently unavailable)
rNeg    . . .        h - +1 leather armour {rPois}
rPois   +            (no helmet)
rElec   .            (no cloak)
rCorr   .            a - +0 pair of gloves
SInv    +            (no barding)
Will    .....        e - amulet of guardian spirit
Stlth   ++           (no ring)
HPRegen 0.28/turn    (no ring)
MPRegen 0.09/turn

%: guardian spirit
@: lethally poisoned (-1 -> -6), very slow
A: AC +1, large, see invisible, deformed body, poison resistance, slowness 2,
spit poison 1, naga tail 1
a: Spit Poison


You were on level 4 of the Dungeon.
You visited 1 branch of the dungeon, and saw 4 of its levels.

You collected 198 gold pieces.


Innate Abilities, Weirdness & Mutations

Your serpentine skin is tough. (AC +1)
You have supernaturally acute eyesight. (SInv)
Armour fits poorly on your strangely shaped body.
Your system is resistant to poisons. (rPois)
You cover ground very slowly.
You can spit poison.
You have a snake-like lower body.


   Skills:
 - Level 3.0 Fighting
 + Level 5.1 Ranged Weapons
 - Level 1.5 Dodging
 - Level 1.5 Stealth


You had 4 spell levels left.
You didn't know any spells.
Your spell library was empty.

Inventory:

Hand Weapons
 Y - a +0 shortbow (weapon)
Armour
 a - a +0 pair of gloves (worn)
 h - a +1 leather armour of poison resistance (worn)
Jewellery
 e - an amulet of guardian spirit (around neck)
Scrolls
 b - a scroll of identify
 d - a scroll of teleportation {unknown}
Potions
 c - a potion of curing {unknown}

Dungeon Overview and Level Annotations

Branches:
Dungeon (4/15)
 Temple: D:4-7

Altars:

Portals:
Ossuary: D:4


Message History

The orc closely misses you. The adder bites you.
The orc hits you with a +0 club.
You shoot an arrow. The arrow barely misses the adder.
You feel sick.
You hear an angry hiss.
The adder bites you but does no damage. The orc barely misses you.
The orc hits you but does no damage.
You hear a shout!
You shoot an arrow. The arrow completely misses the adder.
You feel sick.
You are no longer poisoned.
The adder barely misses you. The orc barely misses you.
The orc hits you with a +0 club. The adder bites you.
You shoot an arrow. The arrow barely misses the adder.
You have got your breath back.
The adder bites you.
The orc hits you with a +2 short sword of venom.
You are poisoned.
The orc closely misses you. The adder misses you.
1932 ||| INVOKING Spit Poison.
Aiming: Spit Poison (1% risk of failure)
Press: ? - help, Shift-Dir - straight line, f/p - adder The splash of poison hits the adder.
The adder is moderately wounded.
You feel very sick.
The orc hits you with a +2 short sword of venom.
The orc hits you but does no damage. The adder closely misses you.
You shoot an arrow. The arrow closely misses the adder.
You feel very sick. The orc closely misses you.
The orc hits you with a +0 club. The adder misses you.
The adder closely misses you. The orc completely misses you.
The orc barely misses you.
You shoot an arrow. The arrow hits the adder.
The adder is almost dead.
You feel sick. The adder bites you.
The orc hits you with a +2 short sword of venom.
The orc hits you with a +0 club.
You shoot an arrow. The arrow barely misses the adder.
You have got your breath back.
You die...

....... ....... ....o..
...o... .......
#######So..... #
#....@#)...... .
#...ooSo...# >
#%.........+ .
#.......<.## ###
#.....#.#.# ..#
#.....#.#.# >.#
#.....#.#+## ..####
#..........#
##'..#######..........#


You could see an adder and 3 orcs.

Vanquished Creatures
  4 adders
  2 worms
  8 orcs
  8 endoplasms
  7 goblins
  3 hobgoblins
  5 jackals (D:1)
  2 quokkas (D:1)
  3 ball pythons
  2 bats
  2 frilled lizards
  10 kobolds
  6 rats
62 creatures vanquished.

Notes
Turn   | Place    | Note
-------+----------+-------------------------------------------
     0 | D:1      | qw the Naga Hunter began the quest for the Orb.
     0 | D:1      | Reached XP level 1. HP: 19/19 MP: 1/1
     0 | D:1      | 0 ||| qw: Version: 0.2-a-29-gc1b59c4
     0 | D:1      | 0 ||| qw: Game counter: 4256
     0 | D:1      | 0 ||| qw: Always use a shield: true
     0 | D:1      | 0 ||| qw: God list: Okawaru
     0 | D:1      | 0 ||| qw: Allow faded altars: false
     0 | D:1      | 0 ||| qw: Do Orc after D:15 true
     0 | D:1      | 0 ||| qw: Do second Lair branch before Depths: true
     0 | D:1      | 0 ||| qw: Lair rune preference: random
     0 | D:1      | 0 ||| qw: Plans: Normal
     0 | D:1      | 0 ||| PLANNING D:1-11
    49 | D:1      | 49 ||| INVOKING Spit Poison.
    82 | D:1      | 82 ||| INVOKING Spit Poison.
   133 | D:1      | 133 ||| INVOKING Spit Poison.
   134 | D:1      | Reached skill level 4 in Ranged Weapons
   134 | D:1      | Reached XP level 2. HP: 26/26 MP: 2/2
   251 | D:1      | 251 ||| INVOKING Spit Poison.
   255 | D:1      | 255 ||| INVOKING Spit Poison.
   258 | D:1      | 258 ||| INVOKING Spit Poison.
   342 | D:1      | 342 ||| INVOKING Spit Poison.
   400 | D:1      | 400 ||| INVOKING Spit Poison.
   446 | D:1      | 446 ||| INVOKING Spit Poison.
   447 | D:1      | 447 ||| INVOKING Spit Poison.
   452 | D:1      | 452 ||| INVOKING Spit Poison.
   455 | D:1      | 455 ||| INVOKING Spit Poison.
   574 | D:1      | 574 ||| INVOKING Spit Poison.
   584 | D:1      | 584 ||| INVOKING Spit Poison.
   585 | D:1      | Reached XP level 3. HP: 32/32 MP: 3/3
   590 | D:1      | 590 ||| INVOKING Spit Poison.
   593 | D:1      | 593 ||| INVOKING Spit Poison.
   644 | D:1      | 644 ||| INVOKING Spit Poison.
   726 | D:1      | 726 ||| INVOKING Spit Poison.
   867 | D:1      | 867 ||| UPGRADING to +1 leather armour of poison
                  | resistance.
   877 | D:1      | 877 ||| DROPPING +0 leather armour.
   878 | D:1      | 878 ||| UPGRADING to amulet of guardian spirit.
   883 | D:1      | 883 ||| READING scroll labelled WUANAF QAUZOH.
   884 | D:1      | 884 ||| READING scroll labelled FESOWO ZURISOC.
   885 | D:1      | 885 ||| READING scroll labelled TOUKAX JIKOEPE.
   886 | D:1      | 886 ||| DROPPING scroll of butterflies.
   950 | D:2      | 950 ||| INVOKING Spit Poison.
   962 | D:2      | 962 ||| INVOKING Spit Poison.
   985 | D:2      | 985 ||| INVOKING Spit Poison.
   999 | D:2      | 999 ||| INVOKING Spit Poison.
  1031 | D:2      | 1031 ||| INVOKING Spit Poison.
  1048 | D:2      | 1048 ||| INVOKING Spit Poison.
  1134 | D:2      | 1134 ||| INVOKING Spit Poison.
  1203 | D:2      | 1203 ||| INVOKING Spit Poison.
  1347 | D:2      | 1347 ||| UPGRADING to +0 pair of gloves.
  1352 | D:2      | 1352 ||| READING 2 scrolls labelled QULACU WUEBO.
  1378 | D:3      | 1378 ||| INVOKING Spit Poison.
  1391 | D:3      | 1391 ||| INVOKING Spit Poison.
  1396 | D:3      | 1396 ||| INVOKING Spit Poison.
  1400 | D:3      | 1400 ||| INVOKING Spit Poison.
  1403 | D:3      | Reached skill level 5 in Ranged Weapons
  1403 | D:3      | Reached XP level 4. HP: 39/39 MP: 4/4
  1403 | D:3      | 1403 ||| INVOKING Spit Poison.
  1460 | D:3      | 1460 ||| INVOKING Spit Poison.
  1467 | D:3      | 1467 ||| INVOKING Spit Poison.
  1472 | D:3      | 1472 ||| INVOKING Spit Poison.
  1566 | D:3      | 1566 ||| INVOKING Spit Poison.
  1599 | D:3      | 1599 ||| INVOKING Spit Poison.
  1684 | D:3      | 1684 ||| INVOKING Spit Poison.
  1714 | D:3      | 1714 ||| INVOKING Spit Poison.
  1846 | D:4      | 1846 ||| PLANNING OSSUARY
  1885 | D:4      | Found a sand-covered staircase.
  1904 | D:4      | 1904 ||| INVOKING Spit Poison.
  1916 | D:4      | 1916 ||| INVOKING Spit Poison.
  1919 | D:4      | 1919 ||| INVOKING Spit Poison.
  1922 | D:4      | Reached skill level 3 in Fighting
  1922 | D:4      | 1922 ||| INVOKING Spit Poison.
  1923 | D:4      | 1923 ||| Stepping ~*~*~tactically~*~*~ (outnumbered).
  1927 | D:4      | 1927 ||| INVOKING Spit Poison.
  1928 | D:4      | Reached XP level 5. HP: 28/49 MP: 5/5
  1932 | D:4      | 1932 ||| INVOKING Spit Poison.
  1932 | D:4      | HP: 12/49 [poisoned by an orc]
  1933 | D:4      | HP: 4/49 [orc/+0 club (2)]
  1934 | D:4      | HP: 1/49 [orc/+2 short sword of venom (2)]
  1935 | D:4      | Succumbed to an orc's poison

Levels and vault maps discovered:
D:1:      minmay_arrival_hallway, layout_basic
D:2:      layout_basic
D:3:      layout_rooms
D:4:      layout_basic, tso_metal_star, nicolae_ossuary_entry_false_entrances

Skill      XL: |  1  2  3  4 |
---------------+-------------+-----
Ranged Weapons | 4 5 |  5.1
Fighting       | 3 |  3.0
Dodging        | |  1.5
Stealth        | |  1.5

Action                     |  1- 3 |  4- 6 || total
---------------------------+-------+-------++-------
   Fire: Shortbow          |    65 |    37 ||   102
Ability: Spit Poison       |    29 |    14 ||    43
    Use: Scroll            |     4 |       ||     4
 Armour: Leather armour    |    13 |    10 ||    23
  Dodge: Dodged            |    12 |    22 ||    34

Table legend:
 A = Non-vault XP
 B = Vault XP
 C = Vault XP percentage of total XP
 D = Non-vault monster count
 E = Vault monster count
 F = Vault count percentage of total count
                 A         B        C        D         E       F
            +---------+---------+-------+---------+---------+-------
      Total |     166 |       0 |   0.0 |      62 |       0 |   0.0
            +---------+---------+-------+---------+---------+-------
        D:1 |      45 |       0 |   0.0 |      26 |       0 |   0.0
        D:2 |      27 |       0 |   0.0 |      14 |       0 |   0.0
        D:3 |      57 |       0 |   0.0 |      15 |       0 |   0.0
        D:4 |      37 |       0 |   0.0 |       7 |       0 |   0.0
            +---------+---------+-------+---------+---------+-------
